 Dungeon Crawl Stone Soup version 0.21.1-1-g345015fe64 (webtiles) character file.

482201 Peloso the Minotaur Barricade (level 23, 0/301 HPs)
             Began as a Minotaur Fighter on July 29, 2018.
             Was the Champion of Okawaru.
             Killed from afar by a frost giant (38 damage)
             ... with a bolt of cold
             ... on level 15 of the Dungeon.
             The game lasted 03:30:50 (62317 turns).

Peloso the Minotaur Barricade (Minotaur Fighter)   Turns: 62317, Time: 03:30:50

Health: 0/301      AC: 28    Str: 36    XL:     23   Next: 43%
Magic:  23/23      EV: 22    Int:  5    God:    Okawaru [******]
Gold:   8368       SH: 31    Dex: 16    Spells: 22/22 levels left

rFire    + + .     SeeInvis .   b - +8 scimitar of Responsibility {venom, rN++}
rCold    . . .     Gourm    .   c - +2 large shield {reflect}
rNeg     + + .     Faith    +   P - +6 swamp dragon scales of the End {rPois rCorr}
rPois    +         Spirit   .   p - +2 hat
rElec    .         Reflect  +   S - +1 cloak of Pantheism {rPois rF+}
rCorr    +         Harm     .   M - +2 pair of gloves of the Sparrow {Str+2}
MR       ++...                  R - +0 pair of boots {run}
Stlth    ..........             F - amulet "Asmusmeam" {Faith MR+}
HPRegen  0.60/turn              m - +4 ring of dexterity
MPRegen  0.18/turn              D - ring of the Okapi {rF+ Slay+3}

@: berserking, very quick
A: retaliatory headbutt, horns 2, frail 1
}: 3/15 runes: decaying, serpentine, silver
a: Heroism, Finesse, Renounce Religion


You were on level 15 of the Dungeon.
You worshipped Okawaru.
Okawaru was exalted by your worship.
You were hungry.

You visited 8 branches of the dungeon, and saw 40 of its levels.
You visited the Abyss 1 time.
You also visited: Desolation.

You collected 8612 gold pieces.
You spent 244 gold pieces at shops.

Inventory:

Hand Weapons
 a - a +3 demon blade of electrocution
 b - the +8 scimitar of Responsibility (weapon) {venom, rN++}
   (Okawaru gifted it to you on level 4 of the Swamp)

   It poisons the flesh of those it strikes.
   It greatly protects you from negative energy.
 N - a +1 long sword of flaming
Armour
 c - a +2 large shield of reflection (worn)
 p - a +2 hat (worn)
 v - +0 shadow dragon scales
 M - the +2 pair of gloves of the Sparrow (worn) {Str+2}
   (You found it on level 3 of the Elven Halls)

   It affects your strength (+2).
 P - the +6 swamp dragon scales of the End (worn) {rPois rCorr}
   (Okawaru gifted it to you on level 6 of the Lair of Beasts)

   It protects you from poison.
   It protects you from acid and corrosion.
 R - a +0 pair of boots of running (worn)
 S - the +1 cloak of Pantheism (worn) {rPois rF+}
   (You found it on level 1 of the Elven Halls)

   It protects you from fire.
   It protects you from poison.
Jewellery
 m - a +4 ring of dexterity (left hand)
 D - the ring of the Okapi (right hand) {rF+ Slay+3}
   (You found it on level 8 of the Dungeon)

   [ring of protection from fire]

   It affects your accuracy and damage with ranged weapons and melee attacks
   (+3).
   It protects you from fire.
 F - the amulet "Asmusmeam" (around neck) {Faith MR+}
   (You found it on level 8 of the Dungeon)

   [amulet of faith]

   It allows you to gain divine favour quickly.
   It affects your resistance to hostile enchantments.
 J - an uncursed ring of protection from magic
 Y - an uncursed ring of see invisible
Wands
 G - a wand of digging (9)
Scrolls
 k - 8 scrolls of identify
 o - 11 scrolls of remove curse
 q - 14 scrolls of teleportation
 s - 7 scrolls of magic mapping
 w - 11 scrolls of fear
 x - 5 scrolls of blinking
 A - 2 scrolls of fog
Potions
 d - 7 potions of might
 e - 2 potions of agility
 g - 5 potions of berserk rage
 h - 3 potions of haste
 i - 19 potions of curing
 j - 4 potions of flight
 r - 6 potions of invisibility
 u - a potion of heal wounds
 z - 2 potions of resistance
 C - 5 potions of mutation
Comestibles
 f - 64 rations


   Skills:
 + Level 22.4 Fighting
 + Level 22.5 Long Blades
   Level 4.6 Axes
 + Level 15.8 Armour
 + Level 14.8 Dodging
 + Level 5.1 Stealth
 O Level 27 Shields
 + Level 2.6 Invocations
 + Level 2.4 Evocations


You had 22 spell levels left.
You didn't know any spells.

Dungeon Overview and Level Annotations

Branches:
Dungeon (15/15)            Temple (0/1) D:7            Lair (6/6) D:8
  Swamp (4/4) Lair:4        Snake (4/4) Lair:4        Slime (0/5) Lair:5
    Orc (2/2) D:12            Elf (3/3) Orc:2        Vaults (5/5) D:13
  Crypt (0/3) Vaults:3     Depths (1/5) D:15

Altars:
Dithmenos
Elyvilon
Fedhas
Gozag
Kikubaaqudgha
Makhleb
Okawaru
Qazlal
Trog
Vehumet
Xom
Zin
The Shining One
Beogh
Jiyva

Shops:
D:6 =   D:8 :   Orc:2 !:(!   Elf:3 (   Snake:2 [   Snake:3 =!   Vaults:1 *
Vaults:5 (


Innate Abilities, Weirdness & Mutations

You reflexively headbutt those who attack you in melee.
You have a pair of horns on your head.
You are frail. (-10% HP)


Message History

The great orb of eyes is engulfed in a cloud of scalding steam.
The great orb of eyes bites you.
* * * LOW HITPOINT WARNING * * *
You feel much better. You block the fire dragon's attack. x3
The great orb of eyes bites you!
* * * LOW HITPOINT WARNING * * *
A red film seems to cover your vision as you go berserk!
You feel yourself moving faster!
You feel mighty! The frost giant casts a spell at you.
The bolt of cold misses you. The fire dragon breathes flames at you.
The blast of flame misses you.
You block the great orb of eyes's attack.
You slice the fire dragon!!
The fire dragon looks as sick as possible!
You headbutt the fire dragon!
The fire dragon is severely wounded.
The frost giant points at you and mumbles some strange words.
The bolt of cold hits you!
You die...

#...............'.
###########.##.....########.
#.....#............###....##
######...........................
#....##.....≈≈§≈#≈≈≈§............
#..........§§#§§§§≈#≈............
#...........≈§§.§§≈≈§............
#...........§§.G.§§§≈............
#...........#§§§@C≈§#............
#######..#..§§§§D§§§≈..###.##..##
##..#..§§§≈)§§≈§..#######'##
#...#..§#≈.§§§#≈..#........#
#...'..≈§≈§.≈§≈≈..#.....<..#
#...#.....§§..§§..#........#
#...#.............#........#
#####.............#........#
#......#......#........#


You could see a frost giant, a fire dragon and a great orb of eyes.

Vanquished Creatures
  2 ancient liches (Vaults:5)
  Nikola (Snake:1)
  3 liches
  7 tentacled monstrosities
  Asterion (Vaults:2)
  Rupert (D:13)
  3 deep elf blademasters
  The ghost of Kirk the Severer, an adept DsGl of Okawaru (Vaults:2)
  A quicksilver dragon (Vaults:4)
  2 deep elf master archers (Elf:3)
  4 titans
  3 acid blobs (Lair:5)
  Frances (D:13)
  A sphinx (Vaults:5)
  A tentacled starspawn (Abyss:3)
  4 thorn hunters
  Kirke (Swamp:2)
  5 storm dragons
  4 shadow dragons (Vaults:5)
  The ghost of Fascinator the Brawler, an adept TrMo of Cheibriados (Snake:4)
  5 nagarajas (Snake:4)
  6 fire giants
  The ghost of housinr the Severer, a journeyman MiBe of Trog (Snake:2)
  5 frost giants (Vaults:5)
  6 tengu reavers
  An orc warlord (Orc:1)
  18 vault wardens
  8 deep elf sorcerers
  Aizul (Swamp:2)
  2 angels (Elf:1)
  A ghoul (Vaults:2)
  2 war gargoyles
  A very ugly thing (Swamp:4)
  11 ironheart preservers
  2 deep elf elementalists (Elf:3)
  3 entropy weavers
  14 stone giants
  7 deep elf annihilators
  A lorocyproca (Abyss:3)
  7 deep elf demonologists
  3 halazid warlocks (Desolation)
  A dire elephant (Lair:6)
  3 crystal guardians (Desolation)
  5 ettins
  4 deep elf death magi
  7 ragged hierophants (Desolation)
  11 yaktaur captains
  3 fire dragons
  Josephine (D:14)
  A great orb of eyes (Vaults:5)
  3 deep elf high priests
  13 ogre magi
  Harold (Lair:1)
  39 vault guards
  5 ice dragons
  18 hydras
  10 naga warriors
  9 anacondas
  7 servants of whispers (Desolation)
  3 rakshasas
  Erolcha (D:10)
  The ghost of Fascinator the Archer, a journeyman GnHu of Kikubaaqudgha (D:11)
  6 centaur warriors
  4 peacekeepers (Desolation)
  28 two-headed ogres
  3 catoblepae
  23 dancing weapons
  5 death knights
  4 deep troll earth magi
  7 alligators
  A thrashing horror (Abyss:3)
  4 deep troll shamans
  6 naga sharpshooters
  A hell knight (Depths:1)
  29 deep elf knights
  A soul eater (Vaults:3)
  2 orc high priests
  A wretched star (Abyss:3)
  A shadow wraith (Vaults:4)
  13 skeletal warriors
  A fire crab (shapeshifter) (Elf:1)
  2 salamander mystics
  3 sea snakes (Snake:3)
  7 swamp dragons
  12 deep trolls
  2 spriggan druids
  A spatial maelstrom (Abyss:3)
  3 unseen horrors
  An unseen horror (shapeshifter) (Elf:1)
  2 glowing orange brains
  A glowing orange brain (shapeshifter) (Vaults:3)
  2 large abominations (Abyss:3)
  3 flayed ghosts
  14 deep elf archers
  2 shambling mangroves
  3 wizards
  A deep troll (shapeshifter) (Vaults:5)
  15 orc knights
  4 naga ritualists (Snake:4)
  4 harpies (Vaults:4)
  A harpy (shapeshifter) (Vaults:5)
  2 necromancers (Vaults:3)
  21 ironbrand convokers
  59 deep elf magi
  2 lindwurms (Swamp:4)
  5 wolf spiders
  2 phantasmal warriors
  8 orc sorcerers
  5 mana vipers
  An orb spider (shapeshifter) (Vaults:1)
  7 cyclopes
  26 ugly things
  A manticore (D:13)
  A moth of wrath (shapeshifter) (Vaults:4)
  Joseph (Lair:1)
  6 elephants (Lair:1)
  A human skeleton (Vaults:3)
  22 black mambas
  16 guardian serpents
  11 salamanders
  15 vault sentinels
  A torpor snail (Lair:5)
  13 naga magi
  35 spiny frogs
  A storm dragon simulacrum (Vaults:3)
  4 centaur skeletons
  3 komodo dragons
  27 yaktaurs
  A hellion (Abyss:3)
  4 rime drakes
  A tengu conjurer (D:15)
  6 freezing wraiths
  A jumping spider (Vaults:4)
  The ghost of Naridas the Conjurer, a novice GrFE (D:5)
  3 meliai (D:14)
  A harpy zombie (D:14)
  12 trolls
  8 tyrant leeches
  A queen bee (shapeshifter) (Vaults:4)
  11 hornets
  2 polar bears
  45 saltlings (Desolation)
  2 bog bodies
  30 blink frogs
  A hornet (shapeshifter) (Vaults:3)
  39 slime creatures
  7 hippogriffs
  A raiju (shapeshifter) (Vaults:2)
  6 shadows
  2 air elementals (Elf:3)
  2 water elementals (Elf:3)
  A centaur simulacrum (D:14)
  A tarantella (shapeshifter) (Vaults:5)
  A human (D:8)
  A redback (shapeshifter) (Vaults:4)
  11 redbacks
  5 spriggans
  A basilisk (shapeshifter) (D:13)
  6 wraiths
  4 wyverns
  3 fire elementals
  A hog (shapeshifter) (Vaults:2)
  35 yaks
  6 basilisks
  2 hogs (Swamp:2)
  A steam dragon (D:10)
  4 hungry ghosts
  18 vampire mosquitoes
  15 insubstantial wisps (Swamp:3)
  6 wargs
  32 nagas
  2 soldier ants (shapeshifter)
  17 swamp worms
  22 water moccasins
  8 porcupines
  2 acid dragons
  3 black bears
  7 sky beasts
  3 ice beasts
  44 orc warriors
  A necrophage (D:12)
  5 phantoms
  22 ogres
  9 swamp drakes
  2 eyes of draining
  19 wolves
  5 boggarts
  An elf skeleton (Vaults:3)
  A small abomination (Abyss:3)
  12 centaurs
  4 big kobolds
  16 crocodiles
  A gnoll sergeant (D:6)
  Blork the orc (D:5)
  38 bullfrogs
  7 earth elementals
  4 scorpions
  2 wyvern skeletons
  2 human simulacra
  8 killer bees
  An orc simulacrum (Vaults:1)
  3 wights (D:10)
  4 howler monkeys
  4 electric eels
  13 crimson imps
  2 quasits
  3 bullfrog zombies
  2 wyvern simulacra (D:13)
  10 hounds
  2 jellies
  A gnoll shaman (D:3)
  19 orc priests
  3 bullfrog skeletons
  5 iguanas
  Jessica (D:3)
  Natasha (thrice) (D:3 D:2)
  39 orc wizards
  A worker ant (shapeshifter) (Vaults:4)
  5 worker ants
  A killer bee zombie (D:7)
  A bullfrog simulacrum (D:13)
  A hound zombie (D:5)
  A hound skeleton (D:10)
  A worker ant zombie (D:6)
  14 gnolls
  A howler monkey skeleton (D:6)
  13 adders
  3 shadow imps
  7 white imps
  3 ufetubi
  4 oozes
  2 adder skeletons
  4 worms
  2 dart slugs
  8 leopard geckos
  98 orcs
  9 bats
  6 giant cockroaches
  10 goblins
  8 hobgoblins
  17 jackals
  5 quokkas
  3 ball pythons
  7 frilled lizards
  19 kobolds
  A quokka skeleton (D:5)
  4 rats
  2 fungi
  3 plants
1805 creatures vanquished.

Vanquished Creatures (others)
  A stone giant (Vaults:5)
  6 yaktaur captains
  3 centaur warriors (Vaults:2)
  A vampire mage (D:15)
  4 naga sharpshooters
  2 deep elf knights (Elf:1)
  A lindwurm (Swamp:4)
  5 deep elf archers
  A cyclops (Vaults:1)
  10 yaktaurs
  2 saltlings (Desolation)
  An orc warrior (Orc:1)
  2 boggarts (Vaults:2)
  An ogre (Vaults:5)
  9 centaurs
  2 orcs (Orc:2)
  A briar patch (Swamp:3)
  6 fungi
  34 plants
  4 starspawn tentacles (Abyss:3)
96 creatures vanquished.

Grand Total: 1901 creatures vanquished

Notes
Turn   | Place    | Note
-------+----------+-------------------------------------------
     0 | D:1      | Peloso the Minotaur Fighter began the quest for the Orb.
     0 | D:1      | Reached XP level 1. HP: 19/19 MP: 0/0
    94 | D:1      | Reached XP level 2. HP: 21/27 MP: 1/1
   144 | D:1      | Reached skill level 4 in Shields
   548 | D:1      | Reached XP level 3. HP: 33/33 MP: 2/2
  1019 | D:2      | Reached XP level 4. HP: 40/40 MP: 3/3
  1197 | D:2      | Found a shadowy altar of Dithmenos.
  1200 | D:2      | Found a bloodstained altar of Trog.
  1334 | D:2      | HP: 2/40 [gnoll/halberd (8)]
  1817 | D:3      | Reached skill level 1 in Dodging
  1817 | D:3      | Reached XP level 5. HP: 46/46 MP: 4/4
  1835 | D:3      | Noticed Natasha
  1851 | D:3      | Killed Natasha
  2236 | D:3      | Noticed Natasha
  2248 | D:3      | Killed Natasha
  2260 | D:3      | Noticed Natasha
  2262 | D:3      | Noticed Jessica
  2367 | D:2      | Killed Natasha
  2367 | D:2      | Reached skill level 5 in Long Blades
  2374 | D:2      | Reached skill level 5 in Armour
  2390 | D:3      | Killed Jessica
  2390 | D:3      | Reached XP level 6. HP: 21/52 MP: 5/5
  2787 | D:3      | Reached skill level 5 in Shields
  3538 | D:4      | Reached XP level 7. HP: 47/60 MP: 6/6
  3589 | D:4      | Reached skill level 6 in Shields
  3788 | D:5      | Entered Level 5 of the Dungeon
  3788 | D:5      | Noticed Blork the orc
  3793 | D:5      | Killed Blork the orc
  4019 | D:5      | Reached skill level 5 in Fighting
  4086 | D:5      | Found an opulent altar of Gozag.
  4087 | D:5      | Found an iron altar of Okawaru.
  4148 | D:5      | Became a worshipper of Warmaster Okawaru
  4168 | D:5      | Reached XP level 8. HP: 68/68 MP: 7/7
  4305 | D:5      | Noticed Naridas's ghost (novice GrFE)
  4328 | D:5      | Killed Naridas's ghost
  4696 | D:5      | Reached skill level 7 in Shields
  5160 | D:3      | Found a faded altar of an unknown god.
  5448 | D:6      | Found a shimmering altar of Xom.
  5457 | D:6      | Found a stormy altar of Qazlal.
  5556 | D:6      | Reached * piety under Okawaru
  5982 | D:6      | Reached XP level 9. HP: 70/75 MP: 8/8
  6076 | D:6      | Found a radiant altar of Vehumet.
  6085 | D:6      | Found Vaj Jomm's Jewellery Boutique.
  6402 | D:7      | Found a staircase to the Ecumenical Temple.
  6413 | D:7      | Reached skill level 10 in Long Blades
  6705 | D:7      | Reached ** piety under Okawaru
  7083 | D:8      | Found a staircase to the Lair.
  7088 | D:8      | Reached skill level 8 in Shields
  7134 | D:8      | Noticed a two-headed ogre
  7147 | D:8      | Killed a two-headed ogre
  7354 | D:8      | Got a scorched golden ring
  7361 | D:8      | Found Okuxzy's Book Shoppe.
  7382 | D:8      | Reached *** piety under Okawaru
  7387 | D:8      | Reached skill level 9 in Shields
  7405 | D:8      | Got a scintillating pewter amulet
  7408 | D:8      | Identified the ring of the Okapi {rF+ Slay+3} (You found it on level 8 of the Dungeon)
  7409 | D:8      | Identified the amulet "Asmusmeam" {Faith MR+} (You found it on level 8 of the Dungeon)
  7501 | D:8      | Reached XP level 10. HP: 84/84 MP: 9/9
  8154 | D:9      | Noticed a green ugly thing
  8176 | D:9      | Killed a green ugly thing
  8176 | D:9      | Reached **** piety under Okawaru
  8176 | D:9      | Reached skill level 10 in Shields
  8191 | D:9      | Identified the Disquisition on the Ghastly Traveller
  8488 | D:10     | Entered Level 10 of the Dungeon
  8677 | D:10     | Noticed a two-headed ogre
  8685 | D:10     | Killed a two-headed ogre
  8685 | D:10     | Reached ***** piety under Okawaru
  8685 | D:10     | Reached skill level 11 in Shields
  9029 | D:9      | Received a gift from Okawaru
  9048 | D:10     | Reached XP level 11. HP: 81/94 MP: 10/10
  9533 | D:10     | Noticed a deep elf mage
  9565 | D:10     | Killed a deep elf mage
  9677 | D:10     | Identified the Tome of Combed Thunderclap
  9684 | D:10     | Identified the Compendium of Dhcmrlchtdj
  9688 | D:10     | Noticed a deep elf mage
  9695 | D:10     | Killed a deep elf mage
  9696 | D:10     | Noticed a deep elf mage
  9699 | D:10     | Noticed a sun demon
  9773 | D:10     | Identified the Incunabulum of Axaxaxas mlö
  9869 | D:10     | Reached skill level 12 in Shields
  9914 | D:10     | Noticed Erolcha
  9938 | D:10     | Killed Erolcha
  9938 | D:10     | Received a gift from Okawaru
  9938 | D:10     | Reached skill level 10 in Armour
  9939 | D:10     | Found the +15 Maxwell's patent armour {-Cast -Tele rElec MR+ rCorr}
 10127 | D:11     | Noticed a white ugly thing
 10132 | D:11     | Killed a white ugly thing
 10232 | D:11     | Noticed Fascinator's ghost (journeyman GnHu)
 10275 | D:11     | Killed Fascinator's ghost
 10537 | D:11     | Noticed a two-headed ogre
 10576 | D:11     | Killed a two-headed ogre
 10597 | D:11     | Found a blossoming altar of Fedhas.
 11010 | D:12     | Killed an unseen horror
 11140 | D:12     | Noticed a green ugly thing
 11160 | D:12     | Killed a deep elf mage
 11160 | D:12     | Reached XP level 12. HP: 78/106 MP: 11/11
 11179 | D:12     | Reached skill level 10 in Fighting
 11524 | D:12     | Found a staircase to the Orcish Mines.
 11789 | D:12     | Received a gift from Okawaru
 11798 | D:12     | Reached skill level 13 in Shields
 11885 | D:12     | Reached ****** piety under Okawaru
 12046 | Lair:1   | Entered Level 1 of the Lair of Beasts
 12062 | Lair:1   | Reached skill level 1 in Stealth
 12203 | Lair:1   | Received a gift from Okawaru
 12577 | Lair:1   | Reached skill level 14 in Shields
 12663 | Lair:1   | Noticed Harold
 12664 | Lair:1   | Noticed Joseph
 12683 | Lair:1   | Killed Harold
 12691 | Lair:1   | Killed Joseph
 13205 | Lair:2   | Reached XP level 13. HP: 103/116 MP: 12/12
 13504 | Lair:2   | Received a gift from Okawaru
 13518 | Lair:2   | Reached skill level 15 in Long Blades
 13526 | Lair:2   | Identified a +0 pair of boots of running (Okawaru gifted it to you on level 2 of the Lair of Beasts)
 13890 | Lair:3   | Got an encrusted great mace
 13914 | Lair:3   | Reached skill level 15 in Shields
 14937 | D:13     | Reached skill level 1 in Evocations
 15129 | D:13     | Noticed Rupert
 15149 | D:13     | Killed Rupert
 15206 | D:13     | Reached skill level 1 in Invocations
 15655 | D:13     | Received a gift from Okawaru
 15706 | D:13     | Reached XP level 14. HP: 95/127 MP: 14/14
 15818 | D:13     | Noticed Frances
 15831 | D:13     | Killed Frances
 15831 | D:13     | Received a gift from Okawaru
 15831 | D:13     | Reached skill level 16 in Shields
 16347 | D:13     | Found a gate to the Vaults.
 16469 | D:14     | Found a stormy altar of Qazlal.
 16590 | D:14     | Noticed Josephine
 16603 | D:14     | Killed Josephine
 16636 | D:14     | HP: 3/129 [meliai/divine providence (14)]
 17254 | D:14     | Received a gift from Okawaru
 17803 | Lair:4   | Found a blossoming altar of Fedhas.
 17918 | Lair:4   | Reached skill level 1 in Axes
 17951 | Lair:4   | Received a gift from Okawaru
 17959 | Lair:4   | Found a staircase to the Snake Pit.
 18572 | Lair:4   | Found a staircase to the Swamp.
 18849 | Lair:5   | Found a runed door.
 18849 | Lair:5   | Found a viscous altar of Jiyva.
 18849 | Lair:5   | Noticed an acid blob
 18850 | Lair:5   | Found a staircase to the Slime Pits.
 18850 | Lair:5   | Noticed an acid blob
 18850 | Lair:5   | Noticed an acid blob
 18943 | Lair:5   | Killed an acid blob
 18949 | Lair:5   | Killed an acid blob
 18949 | Lair:5   | Received a gift from Okawaru
 18953 | Lair:5   | Killed an acid blob
 19305 | Lair:5   | Reached XP level 15. HP: 131/137 MP: 15/15
 19388 | Lair:5   | Reached skill level 17 in Shields
 19870 | Lair:6   | Entered Level 6 of the Lair of Beasts
 20741 | Lair:6   | Received a gift from Okawaru
 20744 | Lair:6   | Got agate-encrusted swamp dragon scales {god gift}
 20755 | Lair:6   | Identified the +6 swamp dragon scales of the End {rPois rCorr} (Okawaru gifted it to you on level 6 of the Lair of Beasts)
 21345 | Orc:1    | Entered Level 1 of the Orcish Mines
 21407 | Orc:1    | Found a burning altar of Makhleb.
 21762 | Orc:1    | Noticed an orc warlord
 21787 | Orc:1    | Killed an orc warlord
 21946 | Orc:1    | Found a roughly hewn altar of Beogh.
 22381 | Orc:1    | Reached skill level 18 in Shields
 22527 | Orc:2    | Entered Level 2 of the Orcish Mines
 22529 | Orc:2    | Found a staircase to the Elven Halls.
 22858 | Orc:2    | Found Peenigemo's Distillery.
 22875 | Orc:2    | Found a radiant altar of Vehumet.
 22889 | Orc:2    | Found Vehed's Antique Weapon Emporium.
 22904 | Orc:2    | Found an ancient bone altar of Kikubaaqudgha.
 22955 | Orc:2    | Bought a potion of heal wounds for 65 gold pieces
 22955 | Orc:2    | Bought a potion of curing for 39 gold pieces
 22996 | Orc:2    | Found a roughly hewn altar of Beogh.
 22996 | Orc:2    | Found Juteack's Distillery.
 23048 | Orc:2    | Found Tioroefu's Book Emporium.
 23951 | D:15     | Entered Level 15 of the Dungeon
 24104 | D:15     | Received a gift from Okawaru
 24105 | D:15     | Found the +7 Kryia's mail coat {PotionHeal*2 rC+}
 24400 | D:15     | Found a staircase to the Depths.
 24401 | D:15     | Noticed a fire giant
 24410 | D:15     | Killed a fire giant
 24867 | Swamp:1  | Entered Level 1 of the Swamp
 24876 | Swamp:1  | Reached skill level 15 in Fighting
 24908 | Swamp:1  | Reached XP level 16. HP: 118/149 MP: 16/16
 24981 | Swamp:1  | Reached skill level 5 in Dodging
 25652 | Swamp:2  | Noticed Aizul
 25670 | Swamp:2  | Killed Aizul
 26247 | Swamp:2  | Noticed a thorn hunter
 26255 | Swamp:2  | Killed a thorn hunter
 26331 | Swamp:2  | Reached skill level 19 in Shields
 26343 | Swamp:2  | Got a twisted dagger
 26565 | Swamp:2  | Noticed Kirke
 26587 | Swamp:2  | Killed Kirke
 26587 | Swamp:2  | Received a gift from Okawaru
 26601 | Swamp:2  | Cast into level 3 of the Abyss (a distortion unwield)
 26798 | Abyss:3  | Noticed a tentacled starspawn
 26821 | Abyss:3  | Killed a tentacled starspawn
 26922 | Abyss:3  | Found a corrupted altar of Lugonu.
 27089 | Swamp:2  | Escaped the Abyss
 27564 | Swamp:3  | Noticed a thorn hunter
 27581 | Swamp:3  | Killed a thorn hunter
 27613 | Swamp:3  | Received a gift from Okawaru
 27798 | Swamp:3  | Noticed a thorn hunter
 27811 | Swamp:3  | Killed a thorn hunter
 27811 | Swamp:3  | Received a gift from Okawaru
 28174 | Swamp:3  | Got a faintly humming scale mail
 28226 | Swamp:4  | Entered Level 4 of the Swamp
 28303 | Swamp:4  | Received a gift from Okawaru
 28805 | Swamp:4  | Noticed a thorn hunter
 28826 | Swamp:4  | Killed a thorn hunter
 28973 | Swamp:4  | Received a gift from Okawaru
 28981 | Swamp:4  | Reached skill level 20 in Shields
 28991 | Swamp:4  | Got a polished scimitar {god gift}
 28994 | Swamp:4  | Identified the +8 scimitar of Responsibility {venom, rN++} (Okawaru gifted it to you on level 4 of the Swamp)
 29181 | Swamp:4  | Got a decaying rune of Zot
 29292 | Swamp:4  | Reached XP level 17. HP: 155/158 MP: 17/17
 29374 | Swamp:4  | Noticed a tentacled monstrosity
 29391 | Swamp:4  | Killed a tentacled monstrosity
 29654 | Lair:1   | Identified the +1 dagger "Saneus" {pierce, MR+ Int+4} (You found it on level 2 of the Swamp)
 29674 | Lair:1   | Identified the +5 scale mail of the Crown {rPois Str+4 Int+2} (You found it on level 3 of the Swamp)
 29891 | Snake:1  | Entered Level 1 of the Snake Pit
 30278 | Snake:1  | Noticed Nikola
 30291 | Snake:1  | Killed Nikola
 30690 | Snake:1  | Got a pitted brass amulet
 30890 | Snake:2  | Found Xivueqy's Armour Shoppe.
 31096 | Snake:2  | Received a gift from Okawaru
 31236 | Snake:2  | Noticed housinr's ghost (journeyman MiBe)
 31274 | Snake:2  | Killed housinr's ghost
 31984 | Snake:3  | Found Jykkov's Distillery.
 31994 | Snake:3  | Bought a potion of heal wounds for 70 gold pieces
 31994 | Snake:3  | Bought a potion of heal wounds for 70 gold pieces
 31994 | Snake:3  | Found Tualeic's Jewellery Boutique.
 33024 | Snake:4  | Entered Level 4 of the Snake Pit
 33177 | Snake:4  | Noticed Fascinator's ghost (adept TrMo)
 33191 | Snake:4  | Killed Fascinator's ghost
 33733 | Snake:4  | Reached skill level 21 in Shields
 34151 | Snake:4  | Received a gift from Okawaru
 35010 | Snake:4  | Reached XP level 18. HP: 169/169 MP: 18/18
 35814 | Snake:4  | Got a serpentine rune of Zot
 36071 | Lair:1   | Identified the amulet of the City {RegenMP rN+++ MP+9 Str+3} (You found it on level 1 of the Snake Pit)
 36308 | Vaults:1 | Entered Level 1 of the Vaults
 36966 | Vaults:1 | Reached skill level 22 in Shields
 36988 | Vaults:1 | Received a gift from Okawaru
 38585 | Vaults:1 | Found Otzoi's General Store.
 38644 | Vaults:1 | Received a gift from Okawaru
 39115 | Vaults:2 | Noticed Kirk's ghost (adept DsGl)
 39449 | Vaults:2 | Killed Kirk's ghost
 39449 | Vaults:2 | Reached XP level 19. HP: 137/179 MP: 0/19
 40253 | Vaults:2 | Got a bloodstained shield
 40264 | Vaults:2 | Identified the +3 shield of Vehumet's Hope {rF+ Int+4} (You found it on level 2 of the Vaults)
 40356 | Vaults:2 | Reached skill level 23 in Shields
 41101 | Vaults:2 | Reached skill level 10 in Dodging
 41513 | Vaults:1 | Received a gift from Okawaru
 42081 | Vaults:2 | Noticed Asterion
 42100 | Vaults:2 | Killed Asterion
 43172 | Elf:1    | Entered Level 1 of the Elven Halls
 43285 | Elf:1    | Found a white marble altar of Elyvilon.
 43285 | Elf:1    | Found a glowing silver altar of Zin.
 43285 | Elf:1    | Found a ruined gateway.
 43331 | Elf:1    | Found a glowing golden altar of the Shining One.
 43338 | Desolati | Entered the Desolation of Salt
 43493 | Desolati | Received a gift from Okawaru
 43493 | Desolati | Reached skill level 24 in Shields
 44003 | Desolati | Got a translucent copper ring
 44005 | Desolati | Identified the ring "Hocolu" {Wiz MR+} (You found it in the Desolation of Salt)
 44012 | Desolati | Got a spiked ring mail
 44050 | Desolati | Identified the cursed +0 ring mail "Gemig" {rElec} (You found it in the Desolation of Salt)
 44238 | Desolati | Reached XP level 20. HP: 187/191 MP: 20/20
 44815 | Desolati | Received a gift from Okawaru
 44972 | Desolati | Identified the Tome of Clay and Malediction
 45163 | Desolati | Identified the Grimoire of Transformation
 45492 | Desolati | Identified the Catalogue of Good Luck and Flight
 45494 | Desolati | Identified Yrrosyvarch's Collected Works on Snow and Execration
 45496 | Desolati | Identified Sif Muna's Compendium of Supportive Enchantment
 45503 | Desolati | Got a bloodstained mace
 46742 | Elf:1    | Gained mutation: You are frail. (-10% HP) [a neqoxec]
 47135 | Elf:1    | Got a scorched cloak
 47146 | Elf:1    | Identified the +1 cloak of Pantheism {rPois rF+} (You found it on level 1 of the Elven Halls)
 47147 | Elf:1    | Identified the Catalogue of Shifting Poison
 47724 | Elf:2    | Found a runed gate.
 47859 | Elf:2    | Found a runed gate.
 47868 | Elf:2    | Found a runed gate.
 48698 | Elf:2    | Reached skill level 25 in Shields
 48711 | Elf:2    | Received a gift from Okawaru
 48717 | Elf:2    | Got a jewelled great sword {god gift}
 48763 | Elf:2    | Reached skill level 15 in Armour
 49211 | Elf:2    | Identified the +6 mace of Lod Zuulymo {flame, Dex+4} (You found it in the Desolation of Salt)
 49254 | Elf:3    | Entered Level 3 of the Elven Halls
 49338 | Elf:3    | Found Reufikk's Weapon Emporium.
 50085 | Elf:3    | Received a gift from Okawaru
 50347 | Lair:1   | Identified the +7 great sword of Myek {freeze, rPois rF- SInv} (Okawaru gifted it to you on level 2 of the Elven Halls)
 50760 | Elf:3    | HP: 5/173 [deep elf master archer/arrow (21)]
 50763 | Elf:3    | Reached XP level 21. HP: 65/180 MP: 21/21
 51377 | Elf:3    | Received a gift from Okawaru
 51713 | Elf:3    | Got an encrusted chain mail
 51723 | Elf:3    | Got a pair of ichor-stained gloves
 51729 | Elf:3    | Identified the Tome of the Snowflakes and Flames
 51745 | Elf:3    | Identified the +2 pair of gloves of the Sparrow {Str+2} (You found it on level 3 of the Elven Halls)
 51830 | Elf:3    | Got a brightly glowing short sword {antimagic}
 52183 | Lair:1   | Identified the +5 short sword "Zewnalot" {antimagic, *Drain rC+ Str+6 Dex+3} (You took it off a deep elf high priest on level 3 of the Elven Halls)
 52198 | Lair:1   | Identified the +3 chain mail of Cheibriados's Wrath {Int+3} (You found it on level 3 of the Elven Halls)
 52956 | Vaults:3 | Received a gift from Okawaru
 53002 | Vaults:3 | Got a warped scimitar {god gift}
 53003 | Vaults:3 | Identified the +4 scimitar "Quenumad" {vamp, rC+ Dex+5} (Okawaru gifted it to you on level 3 of the Vaults)
 53616 | Vaults:3 | Received a gift from Okawaru
 53932 | Vaults:3 | Reached skill level 26 in Shields
 54153 | Vaults:3 | Found a staircase to the Crypt.
 55522 | Vaults:4 | Received a gift from Okawaru
 55522 | Vaults:4 | Reached XP level 22. HP: 171/189 MP: 22/22
 56274 | Vaults:5 | Entered Level 5 of the Vaults
 56380 | Vaults:4 | Received a gift from Okawaru
 57091 | Vaults:4 | Reached skill level 27 in Shields
 57418 | Vaults:5 | Noticed an ancient lich
 58244 | Vaults:5 | Killed an ancient lich
 58244 | Vaults:5 | Reached skill level 5 in Stealth
 58264 | Vaults:5 | Received a gift from Okawaru
 58279 | Vaults:5 | Got a translucent rapier {god gift}
 59084 | Vaults:5 | Reached XP level 23. HP: 199/199 MP: 23/23
 59155 | Vaults:5 | Received a gift from Okawaru
 60048 | Lair:1   | Identified the +1 rapier of Neduvom {flame, rF+ Int+5 Stlth+} (Okawaru gifted it to you on level 5 of the Vaults)
 60519 | Vaults:5 | Got a silver rune of Zot
 60559 | Vaults:5 | Received a gift from Okawaru
 60567 | Vaults:5 | Noticed an ancient lich
 60579 | Vaults:5 | Killed an ancient lich
 60703 | Vaults:5 | Identified the Incunabulum of Cloudy Poison
 60824 | Vaults:5 | Found Doniso's Antique Weapon Shop.
 62265 | Depths:1 | Entered Level 1 of the Depths
 62317 | D:15     | Killed from afar by a frost giant

Skill      XL: |  1  2  3  4  5  6  7  8  9 10 11 12 13 14 15 16 17 18 19 20 21 22 23 |
---------------+----------------------------------------------------------------------+-----
Armour         | 4 5 6 7 8 9 10 11 12 13 14 15 | 15.8
Shields        | 4 5 6 7 9 11 12 14 15 16 18 20 21 22 24 25 26 27 | 27.0
Long Blades    | 3 4 5 7 9 11 12 13 14 15 16 17 18 19 20 21 22 | 22.5
Fighting       | 4 5 6 8 9 11 12 13 15 16 17 18 19 20 21 22 | 22.4
Dodging        | 1 2 3 4 7 8 9 10 11 12 14 | 14.8
Stealth        | 1 2 3 4 5 |  5.1
Evocations     | 1 2 |  2.4
Invocations    | 1 2 |  2.6
Axes           | 4 |  4.6

Action                   |  1- 3 |  4- 6 |  7- 9 | 10-12 | 13-15 | 16-18 | 19-21 | 22-24 || total
-------------------------+-------+-------+-------+-------+-------+-------+-------+-------++-------
Melee: Long sword        |    93 |   206 |   384 |   229 |    10 |    42 |       |       ||   964
       Headbutt          |    14 |    42 |    71 |   161 |   332 |   465 |   618 |   302 ||  2005
       Scimitar          |       |       |       |   465 |   471 |  1014 |  1703 |   689 ||  4342
       Demon blade       |       |       |       |       |   792 |   429 |       |       ||  1221
       Executioner's axe |       |       |       |       |    17 |       |       |       ||    17
Invok: Heroism           |       |       |       |     4 |    10 |     3 |     8 |     5 ||    30
       Finesse           |       |       |       |       |     1 |       |       |       ||     1
Evoke: Wand              |       |       |     1 |       |    10 |     6 |    13 |       ||    30
  Use: Potion            |       |     2 |       |       |     8 |     3 |     4 |     6 ||    23
       Scroll            |       |       |       |    23 |     4 |    13 |    12 |     4 ||    56
 Stab: Petrifying        |       |       |       |       |     3 |       |       |       ||     3
       Confused          |       |       |       |       |       |     1 |       |       ||     1
       Sleeping          |       |       |       |       |       |     3 |     7 |       ||    10
       Distracted        |       |       |       |       |       |       |     1 |       ||     1
  Eat: Chunk             |       |     6 |    13 |    20 |    35 |    30 |    35 |    17 ||   156
       Ration            |       |     1 |       |       |       |     5 |     4 |     1 ||    11
Armor: Scale mail        |    56 |    17 |       |       |       |       |       |       ||    73
       Chain mail        |       |    95 |    77 |       |       |       |       |       ||   172
       Plate armour      |       |       |   104 |   312 |   357 |       |       |       ||   773
       Swamp dragon scal |       |       |       |       |    79 |   302 |   283 |   144 ||   808
Dodge: Dodged            |    40 |    54 |    68 |   136 |   237 |   393 |   562 |   241 ||  1731
Block: Shield            |    60 |   108 |   209 |   542 |   439 |       |       |       ||  1358
       Large shield      |       |       |       |       |   574 |  1703 |  2066 |   798 ||  5141
       Reflection        |       |       |       |       |    17 |   170 |   173 |    52 ||   412
       Rpst.: Long sword |    12 |    13 |     7 |    12 |       |     2 |       |       ||    46
       Scimitar          |       |       |       |    19 |    17 |    44 |   100 |    30 ||   210
       Demon blade       |       |       |       |       |    25 |    14 |       |       ||    39
